Map: Magannatha LE

Players

IIIIIIIIIIII

  • Race: Zerg Zerg
  • Spawn Location: 11:00

llllllllllll - Winner!

  • Race: Protoss Protoss
  • League: Diamond
  • Spawn Location: 5:00

VOD

Have the link to the VOD?

Description

Time

  • Played on: July 6, 2025, 10:47 a.m.
  • Length: 9:19
Show
View Real Time Build Order
Export as new Build Order

IIIIIIIIIIII Zerg 

Build Orders: Hatch First 

Get SALT Encoding   

  12  0:00  Drone  
  13  0:12  Overlord  
  13  0:17  Drone  
  14  0:30  Drone x2  
  16  0:47  Hatchery  
  15  0:50  Drone  
  15  0:53  Drone  
  15  0:56  Drone  
  18  1:08  Extractor  
  17  1:12  Spawning Pool  
  17  1:14  Drone  
  17  1:20  Drone  
  18  1:28  Drone  
  19  1:40  Drone  
  20  1:50  Drone  
  21  1:59  Queen x2  
  26  2:01  Drone x2  
  27  2:12  Overlord  
  27  2:13  Zergling x2  
  28  2:18  Metabolic Boost  
  28  2:34  Drone x2  
  30  2:39  Zergling x4  
  32  2:46  Queen  
  32  2:49  Hatchery  
  33  2:54  Overlord  
  33  3:05  Drone x3  
  36  3:17  Drone x8  
  44  3:34  Extractor  
  44  3:35  Extractor  
  44  3:38  Drone x2  
  44  3:42  Overlord x2  
  44  3:49  Overlord x2  
  43  4:00  Zergling x12  
  49  4:07  Drone x2  
  51  4:12  Roach Warren  
  51  4:15  Drone x3  
  51  4:16  Queen  
  55  4:22  Drone x3  
  58  4:33  Drone x3  
  61  4:40  Drone x4  
  65  4:46  Lair  
  65  4:48  Evolution Chamber  
  64  5:01  Roach x8  
  79  5:11  Roach x2  
  78  5:16  Roach  
  78  5:18  Overlord x3  
  80  5:22  Extractor  
  77  5:37  Roach x9  
  95  5:46  Zerg Missile Weapons Level 1  
  95  5:47  Drone x5  
  100  6:00  Hatchery, Overlord x3  
  100  6:02  Glial Reconstitution  
  99  6:16  Overlord x2  
  99  6:17  Queen  
  101  6:21  Drone  
  101  6:22  Drone x4  
  106  6:26  Roach x8  
  122  6:36  Roach x2  
  128  6:40  Roach  
  128  6:41  Overseer  
  128  6:42  Overseer  
  128  6:46  Overlord  
  128  6:51  Drone x6, Hydralisk Den  
  133  6:54  Zergling x4  
  135  7:04  Overlord x2  
  131  7:11  Zergling x2  
  131  7:20  Zergling x14  
  128  7:29  Roach x3  
  120  7:40  Zergling x14  
  126  7:45  Zergling x10  
  127  7:51  Hatchery  
  120  7:59  Roach x6  
  122  8:06  Roach x5  
  124  8:20  Roach x5  
  130  8:27  Zergling x6  
  121  8:39  Zergling x6  
  112  8:49  Ravager  
  112  8:50  Ravager x5  
  112  8:52  Zergling x6  
  127  8:58  Extractor  
Show
View Real Time Build Order
Export as new Build Order

llllllllllll Protoss - Winner!

Build Orders: 1 Gate Expand 

Get SALT Encoding   

  12  0:00  Probe  
  13  0:12  Probe  
  14  0:19  Pylon  
  14  0:24  Probe  
  15  0:33  Probe  
  15  0:39  Gateway  
  15  0:41  Probe  
  16  0:47  Assimilator  
  17  0:51  Probe  
  18  1:03  Probe  
  19  1:16  Probe  
  20  1:22  Nexus  
  20  1:33  Cybernetics Core  
  20  1:36  Probe  
  21  1:44  Assimilator  
  21  1:48  Probe  
  21  1:49  Pylon  
  22  1:57  Probe  
  22  2:00  Adept  
  23  2:05  Probe  
  23  2:10  Warp Gate  
  23  2:14  Probe  
  26  2:22  Forge  
  27  2:26  Probe  
  27  2:27  Stalker  
  28  2:32  Probe  
  31  2:38  Probe  
  31  2:41  Probe  
  32  2:49  Protoss Ground Weapons Level 1  
  32  2:51  Probe x2  
  34  2:52  Twilight Council  
  35  3:03  Probe x2  
  37  3:06  Charge  
  37  3:09  Gateway  
  37  3:15  Probe  
  37  3:16  Probe  
  39  3:27  Probe  
  39  3:29  Probe  
  39  3:33  Nexus  
  41  3:37  Pylon  
  41  3:40  Probe  
  42  3:42  Probe  
  43  3:50  Gateway  
  43  3:51  Gateway  
  43  3:53  Probe  
  44  3:56  Probe  
  44  3:59  Pylon  
  44  4:01  Zealot  
  47  4:04  Zealot  
  47  4:06  Probe  
  50  4:10  Probe  
  50  4:12  Assimilator  
  51  4:18  Probe  
  51  4:23  Probe  
  51  4:24  Zealot x2  
  55  4:28  Blink  
  55  4:30  Probe  
  58  4:32  Protoss Ground Weapons Level 2  
  58  4:35  Probe  
  59  4:43  Probe  
  60  4:46  Zealot x4  
  60  4:47  Probe x2  
  70  4:55  Probe  
  70  4:59  Probe  
  70  5:04  Pylon  
  70  5:06  Zealot x3  
  76  5:07  Probe  
  76  5:13  Pylon  
  77  5:17  Shield Battery  
  77  5:19  Pylon  
  77  5:22  Probe x2  
  77  5:27  Probe  
  80  5:34  Robotics Facility, Probe  
  81  5:37  Probe  
  81  5:39  Probe  
  81  5:43  Gateway x2  
  81  5:45  Gateway  
  81  5:46  Probe  
  81  5:47  Gateway  
  81  5:49  Probe  
  83  5:50  Pylon, Stalker x2  
  87  5:57  Probe, Stalker  
  87  5:58  Probe, Stalker  
  93  6:05  Photon Cannon, Assimilator  
  93  6:11  Pylon  
  93  6:15  Stalker, Observer  
  93  6:16  Stalker  
  97  6:23  Stalker x2  
  102  6:26  Pylon  
  96  6:34  Warp Prism  
  96  6:46  Nexus  
  96  6:47  Stalker  
  96  6:49  Stalker x4  
  106  7:00  Pylon  
  106  7:09  Pylon  
  106  7:10  Stalker  
  106  7:11  Stalker x3  
  106  7:12  Pylon, Stalker  
  106  7:14  Pylon  
  96  7:44  Gateway  
  96  7:45  Gateway  
  96  7:48  Zealot x8  
  96  7:49  Warp Prism  
  112  8:07  Probe x3  
  112  8:10  Stalker x6  
  112  8:11  Stalker x2  
  129  8:18  Dark Shrine  
  115  8:41  Stalker x4  
  115  8:42  Stalker x6  
  133  8:56  Pylon  
  133  8:57  Pylon  
  131  9:09  Zealot x8  
  145  9:10  Zealot x2  
Tags
 
Add a new tag
Caveats
  • Supply blocks, unpowered buildings, or Contaminate may cause inaccurate times.
  • Supply counts are checked every 10 seconds.